[Event "World Senior chT-50 2019"]
[Site "Rhodes"]
[Date "2019.04.22"]
[Round "7.15"]
[White "Llanos, Guillermo"]
[Black "Brendel, Oliver"]
[Result "0-1"]
[ECO "A35"]
[WhiteElo "2293"]
[BlackElo "2339"]
[Annotator "NA"]
[PlyCount "78"]
[EventDate "2019.04.16"]
[EventType "team-tourn"]
[EventCountry "GRE"]
[SourceTitle "playchess.com"]
[Source "ChessBase"]
[SourceQuality "1"]
[WhiteTeam "Argentina"]
[BlackTeam "Germany"]
[WhiteTeamCountry "ARG"]
[BlackTeamCountry "GER"]
[TimeControl "40/5400+30:1800+30"]

1. Nf3 Nf6 2. c4 g6 3. Nc3 c5 4. d4 cxd4 5. Nxd4 Nc6 6. Nc2 Bg7 7. g3 d6 8. Bg2 Be6 9. b3 Qd7 $14 10. h3 O-O 11. Bb2 Rab8 12. Nd5 Nxd5 13. Bxg7 Ne3 14. Nxe3 Kxg7 15. Qd2 Rfc8 16. Rd1 h5 17. c5 Kg8 18. cxd6 Qxd6 19. Qxd6 exd6 20. Rxd6 Nb4 21. O-O Nxa2 22. Nd5 Kf8 23. Nf4 Bxb3 24. Rb1 Rc1+ 25. Rxc1 Nxc1 26. Rd7 a5 27. Rc7 g5 28. Nxh5 Nxe2+ 29. Kf1 Nd4 30. Nf6 Kg7 31. Nd7 Rd8 32. Rxb7 a4 33. Nc5 Bc4+ 34. Kg1 a3 35. Ra7 a2 36. f4 gxf4 37. Bf1 Bd5 38. gxf4 Rb8 39. Kf2 Rb1 0-1

[Event "World Senior chT-50 2019"]
[Site "Rhodes"]
[Date "2019.04.22"]
[Round "7.16"]
[White "Maier, Christian"]
[Black "Grushka, Carlos"]
[Result "1/2-1/2"]
[ECO "D40"]
[WhiteElo "2325"]
[BlackElo "2251"]
[Annotator "NA"]
[PlyCount "27"]
[EventDate "2019.04.16"]
[EventType "team-tourn"]
[EventCountry "GRE"]
[SourceTitle "playchess.com"]
[Source "ChessBase"]
[SourceQuality "1"]
[WhiteTeam "Germany"]
[BlackTeam "Argentina"]
[WhiteTeamCountry "GER"]
[BlackTeamCountry "ARG"]
[TimeControl "40/5400+30:1800+30"]

1. d4 d5 2. c4 e6 3. Nc3 c5 4. e3 Nc6 5. Nf3 Nf6 6. a3 a6 7. Bd3 dxc4 8. Bxc4 Be7 9. O-O cxd4 10. exd4 O-O 11. Ba2 b5 12. Bg5 Bb7 $11 13. Re1 b4 14. Na4 1/2-1/2

[Event "World Senior chT-50 2019"]
[Site "Rhodes"]
[Date "2019.04.22"]
[Round "7.17"]
[White "Lewis, Andrew P"]
[Black "Wallner, Joachim"]
[Result "1/2-1/2"]
[ECO "D15"]
[WhiteElo "2347"]
[BlackElo "2271"]
[Annotator "NA"]
[PlyCount "25"]
[EventDate "2019.04.16"]
[EventType "team-tourn"]
[EventCountry "GRE"]
[SourceTitle "playchess.com"]
[Source "ChessBase"]
[SourceQuality "1"]
[WhiteTeam "England"]
[BlackTeam "Austria"]
[WhiteTeamCountry "ENG"]
[BlackTeamCountry "AUT"]
[TimeControl "40/5400+30:1800+30"]

1. c4 Nf6 2. Nc3 c6 3. Nf3 d5 4. d4 a6 5. c5 Bf5 6. Qb3 Qc8 7. Bf4 Nbd7 8. h3 h6 9. e3 e6 10. Be2 Be7 11. O-O O-O 12. Rfc1 Re8 13. Qd1 1/2-1/2

[Event "World Senior chT-50 2019"]
[Site "Rhodes"]
[Date "2019.04.22"]
[Round "7.18"]
[White "Denk, Adolf"]
[Black "Frostick, Clive A"]
[Result "1/2-1/2"]
[ECO "D27"]
[WhiteElo "2255"]
[BlackElo "2121"]
[Annotator "NA"]
[PlyCount "31"]
[EventDate "2019.04.16"]
[EventType "team-tourn"]
[EventCountry "GRE"]
[SourceTitle "playchess.com"]
[Source "ChessBase"]
[SourceQuality "1"]
[WhiteTeam "Austria"]
[BlackTeam "England"]
[WhiteTeamCountry "AUT"]
[BlackTeamCountry "ENG"]
[TimeControl "40/5400+30:1800+30"]

1. d4 d5 2. Nf3 e6 3. c4 dxc4 4. e3 Nf6 5. Bxc4 c5 6. O-O a6 7. a4 Nc6 8. Qe2 Qc7 9. Nc3 Bd6 10. dxc5 Bxc5 11. e4 b6 12. Bg5 Ng4 13. g3 h6 14. Bf4 Qe7 15. Rae1 g5 16. Bc1 1/2-1/2

[Event "World Senior chT-50 2019"]
[Site "Rhodes"]
[Date "2019.04.22"]
[Round "7.19"]
[White "Fraser-Mitchell, Jeremy N"]
[Black "Ernst, Michael"]
[Result "0-1"]
[ECO "D53"]
[WhiteElo "2073"]
[BlackElo "2184"]
[Annotator "NA"]
[PlyCount "44"]
[EventDate "2019.04.16"]
[EventType "team-tourn"]
[EventCountry "GRE"]
[SourceTitle "playchess.com"]
[Source "ChessBase"]
[SourceQuality "1"]
[WhiteTeam "England"]
[BlackTeam "Austria"]
[WhiteTeamCountry "ENG"]
[BlackTeamCountry "AUT"]
[TimeControl "40/5400+30:1800+30"]

1. d4 d5 2. c4 e6 3. Nc3 Nf6 4. Bg5 Be7 5. e3 h6 6. Bf4 O-O 7. cxd5 Nxd5 8. Bg3 c5 9. Nf3 Nc6 10. Be2 cxd4 11. exd4 b6 12. O-O Bb7 13. Rc1 Rc8 14. Re1 $15 Na5 15. Bb5 a6 16. Bd3 Bb4 17. Bb1 Nc4 18. Qd3 f5 19. Qe2 Re8 20. Be5 Nxe5 21. Nxe5 Nf4 22. Qd2 Qg5 0-1

[Event "World Senior chT-50 2019"]
[Site "Rhodes"]
[Date "2019.04.22"]
[Round "7.20"]
[White "Kranzl, Peter"]
[Black "Homer, Stephen J"]
[Result "1/2-1/2"]
[ECO "B22"]
[WhiteElo "2145"]
[BlackElo "2039"]
[Annotator "NA"]
[PlyCount "47"]
[EventDate "2019.04.16"]
[EventType "team-tourn"]
[EventCountry "GRE"]
[SourceTitle "playchess.com"]
[Source "ChessBase"]
[SourceQuality "1"]
[WhiteTeam "Austria"]
[BlackTeam "England"]
[WhiteTeamCountry "AUT"]
[BlackTeamCountry "ENG"]
[TimeControl "40/5400+30:1800+30"]

1. e4 c5 2. c3 Nf6 3. e5 Nd5 4. d4 cxd4 5. Qxd4 e6 6. Nf3 Nc6 7. Qe4 d6 8. Nbd2 dxe5 9. Nxe5 Nxe5 10. Qxe5 Bd7 11. Be2 Qc7 12. Qxc7 Nxc7 13. Bf3 O-O-O 14. O-O $11 f6 15. Nb3 Kb8 16. Be3 e5 17. Rfd1 Be7 18. Rd2 Bc8 19. Rad1 Ne6 20. Rxd8 Rxd8 21. Rxd8 Nxd8 22. Kf1 Be6 23. Ke1 b6 24. Nc1 1/2-1/2

[Event "World Senior chT-50 2019"]
[Site "Rhodes"]
[Date "2019.04.22"]
[Round "7.21"]
[White "Mitrandzas, Athanasios"]
[Black "Yrjola, Jouni"]
[Result "1/2-1/2"]
[ECO "A20"]
[WhiteElo "2055"]
[BlackElo "2327"]
[Annotator "NA"]
[PlyCount "33"]
[EventDate "2019.04.16"]
[EventType "team-tourn"]
[EventCountry "GRE"]
[SourceTitle "playchess.com"]
[Source "ChessBase"]
[SourceQuality "1"]
[WhiteTeam "Greece"]
[BlackTeam "Finland"]
[WhiteTeamCountry "GRE"]
[BlackTeamCountry "FIN"]
[TimeControl "40/5400+30:1800+30"]

1. c4 e5 2. g3 Nf6 3. Bg2 c6 4. d4 e4 5. Nc3 d5 6. Bg5 Bb4 7. Rc1 Nbd7 8. cxd5 cxd5 9. Qb3 Qb6 10. e3 h6 11. Bxf6 Nxf6 $11 12. Nge2 Bxc3+ 13. Rxc3 Bd7 14. O-O Qxb3 15. Rxb3 Bc6 16. Rc1 Ke7 17. Nc3 1/2-1/2

[Event "World Senior chT-50 2019"]
[Site "Rhodes"]
[Date "2019.04.22"]
[Round "7.22"]
[White "Viljava, Tapani"]
[Black "Ilandzis, Spyridon"]
[Result "0-1"]
[ECO "A36"]
[WhiteElo "2159"]
[BlackElo "2021"]
[Annotator "NA"]
[PlyCount "56"]
[EventDate "2019.04.16"]
[EventType "team-tourn"]
[EventCountry "GRE"]
[SourceTitle "playchess.com"]
[Source "ChessBase"]
[SourceQuality "1"]
[WhiteTeam "Finland"]
[BlackTeam "Greece"]
[WhiteTeamCountry "FIN"]
[BlackTeamCountry "GRE"]
[TimeControl "40/5400+30:1800+30"]

1. g3 c5 2. c4 Nc6 3. Bg2 g6 4. Nc3 Bg7 5. a3 e6 6. Rb1 a5 7. Nh3 Nge7 8. Nf4 b6 $11 9. O-O Bb7 10. d3 Qb8 11. Bd2 Ne5 12. b4 Bxg2 13. Kxg2 axb4 14. axb4 Qc8 15. bxc5 bxc5 16. Rb6 O-O 17. Qb1 Ra3 18. Rc1 Nf5 19. Nb5 Qa8+ 20. Kg1 Ra1 21. Qb3 Rxc1+ 22. Bxc1 Qa5 23. Nc3 Nd4 24. Qb2 g5 25. Nh5 Qxc3 26. Qxc3 Nxe2+ 27. Kf1 Nxc3 28. Nxg7 Nxd3 0-1

[Event "World Senior chT-50 2019"]
[Site "Rhodes"]
[Date "2019.04.22"]
[Round "7.23"]
[White "Hrisanthopoulos, Dimitrios"]
[Black "Salonen, Jyrki"]
[Result "1-0"]
[ECO "B33"]
[WhiteElo "1995"]
[BlackElo "2162"]
[Annotator "NA"]
[PlyCount "83"]
[EventDate "2019.04.16"]
[EventType "team-tourn"]
[EventCountry "GRE"]
[SourceTitle "playchess.com"]
[Source "ChessBase"]
[SourceQuality "1"]
[WhiteTeam "Greece"]
[BlackTeam "Finland"]
[WhiteTeamCountry "GRE"]
[BlackTeamCountry "FIN"]
[TimeControl "40/5400+30:1800+30"]

1. e4 c5 2. Nf3 Nc6 3. d4 cxd4 4. Nxd4 e5 5. Nb5 d6 6. a4 Be6 7. N1c3 a6 8. Na3 Nf6 9. Bc4 Be7 10. Bg5 Nxe4 11. Nxe4 Bxg5 12. Bxe6 fxe6 13. Qh5+ g6 14. Qxg5 Qxg5 15. Nxg5 h6 16. Ne4 d5 17. Nc3 Ke7 18. O-O Rac8 19. Rfe1 Rhf8 20. f3 Rf4 21. b3 Nd4 22. Ne2 Nxe2+ 23. Rxe2 Kd6 24. Rae1 Rf5 25. c4 Kc5 26. Nc2 dxc4 27. Ne3 b5 28. Nxf5 exf5 29. axb5 axb5 30. bxc4 bxc4 31. Rxe5+ Kd4 32. Re6 c3 33. Rd6+ Kc4 34. Rxg6 h5 35. Rg5 c2 36. Rc1 Kc3 37. Rxf5 h4 38. Rh5 Rc4 39. Re5 Kb2 40. Ree1 h3 41. g4 Rd4 42. Kf2 1-0

[Event "World Senior chT-50 2019"]
[Site "Rhodes"]
[Date "2019.04.22"]
[Round "7.24"]
[White "Fieandt, John"]
[Black "Papadimitriou, Loukas"]
[Result "0-1"]
[ECO "A54"]
[WhiteElo "2151"]
[BlackElo "1943"]
[Annotator "NA"]
[PlyCount "126"]
[EventDate "2019.04.16"]
[EventType "team-tourn"]
[EventCountry "GRE"]
[SourceTitle "playchess.com"]
[Source "ChessBase"]
[SourceQuality "1"]
[WhiteTeam "Finland"]
[BlackTeam "Greece"]
[WhiteTeamCountry "FIN"]
[BlackTeamCountry "GRE"]
[TimeControl "40/5400+30:1800+30"]

1. d4 d6 2. Nf3 Nf6 3. c4 Nbd7 4. g3 e5 5. Bg2 Be7 6. O-O O-O 7. Nc3 c6 8. h3 Re8 9. Rb1 Qc7 10. b4 exd4 11. Nxd4 Nb6 12. Qb3 $11 d5 13. cxd5 Nbxd5 14. Nxd5 Nxd5 15. b5 Rd8 16. Rd1 c5 17. Bxd5 cxd4 18. Bxf7+ Kh8 19. Be6 Qe5 20. Bxc8 Raxc8 21. Bf4 Qf5 22. Rbc1 Bc5 23. Qf3 Rf8 24. Qg4 Qd5 25. Rd3 b6 26. h4 Rce8 27. Rc2 Qe4 28. Qf3 Qe6 29. Kg2 h6 30. Qc6 Qg4 31. Qf3 Qe6 32. a4 Kg8 33. Qc6 Qg4 34. f3 Qh5 35. a5 Rf6 36. Qd7 Re7 37. Qc8+ Kh7 38. Qg4 Qe8 39. Kf2 Qxb5 40. axb6 axb6 41. h5 Qe8 42. Ra2 Qf7 43. Rc2 Rf5 44. Qg6+ Qxg6 45. hxg6+ Kxg6 46. Bc1 h5 47. Bb2 Rd5 48. Rcd2 Re3 49. Rd1 Rxd3 50. Rxd3 Kf5 51. Kf1 Ke6 52. e3 dxe3 53. Rxd5 Kxd5 54. Bxg7 b5 55. Ke2 Kc4 56. f4 b4 57. f5 b3 58. Bb2 Bd4 59. Ba3 Kd5 60. Bc1 Ke5 61. Kd3 Kxf5 62. Bxe3 Bxe3 63. Kc3 Kg4 0-1

[Event "World Senior chT-50 2019"]
[Site "Rhodes"]
[Date "2019.04.22"]
[Round "7.25"]
[White "Grant, Jonathan I M"]
[Black "Ross, David"]
[Result "1/2-1/2"]
[ECO "A06"]
[WhiteElo "2226"]
[BlackElo "2312"]
[Annotator "NA"]
[PlyCount "88"]
[EventDate "2019.04.16"]
[EventType "team-tourn"]
[EventCountry "GRE"]
[SourceTitle "playchess.com"]
[Source "ChessBase"]
[SourceQuality "1"]
[WhiteTeam "Scotland"]
[BlackTeam "Canada"]
[WhiteTeamCountry "SCO"]
[BlackTeamCountry "CAN"]
[TimeControl "40/5400+30:1800+30"]

1. c4 c6 2. Nf3 d5 3. e3 e6 4. b3 Nf6 5. Bb2 Nbd7 6. Be2 Bd6 7. d4 Ne4 8. O-O O-O 9. Ne5 f6 10. Nd3 f5 11. f4 b6 12. Nd2 $11 Bb7 13. Nf3 Qe7 14. Nde5 Rfd8 15. Rc1 Rac8 16. Rc2 c5 17. Qa1 Bxe5 18. Nxe5 Nxe5 19. dxe5 dxc4 20. bxc4 Rc7 21. a4 Rcd7 22. Bc1 Qh4 23. Bf3 Bc6 24. a5 b5 25. g3 Qe7 26. cxb5 Bxb5 27. Re1 Bd3 28. Rg2 Rb7 29. Ba3 Qc7 30. Rb2 Rxb2 31. Bxb2 c4 32. Bd4 Nc5 33. Qa3 Nb3 34. Bc3 Be4 35. Bxe4 fxe4 36. Qa4 h6 37. Bb4 Nc5 38. Bxc5 Qxc5 39. Re2 Qd5 40. Kf2 Rc8 41. Rc2 Qd3 42. Qa2 Rc5 43. Rd2 Qc3 44. Rd8+ Kf7 1/2-1/2

[Event "World Senior chT-50 2019"]
[Site "Rhodes"]
[Date "2019.04.22"]
[Round "7.26"]
[White "Ross, Paul"]
[Black "Farrell, Neil"]
[Result "0-1"]
[ECO "A46"]
[WhiteElo "2237"]
[BlackElo "2132"]
[Annotator "NA"]
[PlyCount "76"]
[EventDate "2019.04.16"]
[EventType "team-tourn"]
[EventCountry "GRE"]
[SourceTitle "playchess.com"]
[Source "ChessBase"]
[SourceQuality "1"]
[WhiteTeam "Canada"]
[BlackTeam "Scotland"]
[WhiteTeamCountry "CAN"]
[BlackTeamCountry "SCO"]
[TimeControl "40/5400+30:1800+30"]

1. d4 e6 2. Nf3 Nf6 3. g3 b5 4. Bg2 Bb7 5. O-O c5 6. c3 Be7 7. a4 b4 8. cxb4 cxb4 9. Nbd2 a5 10. Nb3 $11 O-O 11. Bf4 d6 12. Ne1 Bxg2 13. Kxg2 Nbd7 14. Nd3 Nb6 15. f3 Nfd5 16. e4 Nxf4+ 17. Nxf4 Qd7 18. d5 e5 19. Nd3 Rfc8 20. Rf2 Nc4 21. Qe2 Qa7 22. Re1 Bd8 23. f4 Bb6 24. Rf3 Qd7 25. Nd2 Nxd2 26. Qxd2 Bd4 27. fxe5 dxe5 28. Rf5 Qxa4 29. Re2 f6 30. g4 Qd7 31. h3 b3 32. Qd1 a4 33. g5 a3 34. bxa3 Rxa3 35. Kh2 Ra2 36. Nf4 exf4 37. Rxa2 bxa2 38. Qxd4 Rc2+ 0-1

[Event "World Senior chT-50 2019"]
[Site "Rhodes"]
[Date "2019.04.22"]
[Round "7.27"]
[White "Neave, George"]
[Black "Barron, Michael"]
[Result "1-0"]
[ECO "A04"]
[WhiteElo "2101"]
[BlackElo "2124"]
[Annotator "NA"]
[PlyCount "41"]
[EventDate "2019.04.16"]
[EventType "team-tourn"]
[EventCountry "GRE"]
[SourceTitle "playchess.com"]
[Source "ChessBase"]
[SourceQuality "1"]
[WhiteTeam "Scotland"]
[BlackTeam "Canada"]
[WhiteTeamCountry "SCO"]
[BlackTeamCountry "CAN"]
[TimeControl "40/5400+30:1800+30"]

1. Nf3 f5 2. d3 d6 3. e4 e5 4. Nc3 Nc6 5. exf5 Bxf5 6. d4 exd4 7. Nxd4 Nxd4 8. Qxd4 Bxc2 9. Bc4 Qf6 10. Qd2 Qe5+ 11. Kf1 Bg6 12. Nd5 Kd7 13. Qa5 b6 14. Qa4+ Kd8 15. Bf4 Be8 16. Qc2 Qh5 17. Nxc7 Rc8 18. Ne6+ Ke7 19. Re1 Rxc4 20. Qxc4 Bb5 21. Nc7+ 1-0

[Event "World Senior chT-50 2019"]
[Site "Rhodes"]
[Date "2019.04.22"]
[Round "7.28"]
[White "Chernik, Dmitry"]
[Black "Smith, Peter R"]
[Result "0-1"]
[ECO "B23"]
[WhiteElo "1868"]
[BlackElo "2038"]
[Annotator "NA"]
[PlyCount "118"]
[EventDate "2019.04.16"]
[EventType "team-tourn"]
[EventCountry "GRE"]
[SourceTitle "playchess.com"]
[Source "ChessBase"]
[SourceQuality "1"]
[WhiteTeam "Canada"]
[BlackTeam "Scotland"]
[WhiteTeamCountry "CAN"]
[BlackTeamCountry "SCO"]
[TimeControl "40/5400+30:1800+30"]

1. e4 c5 2. Nc3 Nc6 3. f4 e6 4. Bb5 Nge7 5. Nf3 a6 6. Bxc6 Nxc6 7. O-O d5 8. e5 Be7 9. d3 O-O 10. Kh1 b5 11. Ne2 c4 12. d4 b4 13. c3 a5 14. Qc2 a4 15. Ng3 a3 16. bxa3 bxc3 17. Qxc3 Bd7 18. Ne2 Qa5 19. Rb1 Rfb8 20. Rxb8+ Nxb8 21. Qb2 Bxa3 22. Qxa3 Qxa3 23. Bxa3 Rxa3 24. Rc1 Rxa2 25. Nc3 Ra3 26. Kg1 Kf8 27. Kf2 Nc6 28. Ke3 Nb4 29. Kd2 Na2 30. Rc2 Nxc3 31. Rxc3 Ra2+ 32. Rc2 Rxc2+ 33. Kxc2 Ba4+ 34. Kd2 f6 35. Ng1 fxe5 36. fxe5 g5 37. Ne2 Be8 38. Nc3 Kg7 39. Ke3 Kg6 40. Kf3 Kf5 41. g3 h5 42. h3 h4 43. g4+ Kg6 44. Ke3 Kg7 45. Kd2 Bg6 46. Nd1 Be4 47. Ne3 Kf7 48. Kc3 Ke7 49. Kb4 Kd7 50. Ka4 Kc6 51. Kb4 Kb6 52. Ka4 c3 53. Kb3 c2 54. Nxc2 Bxc2+ 55. Kxc2 Ka5 56. Kb3 Kb5 57. Kc3 Ka4 58. Kc2 Kb4 59. Kd3 Kb3 0-1

[Event "World Senior chT-50 2019"]
[Site "Rhodes"]
[Date "2019.04.22"]
[Round "7.29"]
[White "Strutinskaia, Galina"]
[Black "Lagerborg, Krister"]
[Result "1-0"]
[ECO "E71"]
[WhiteElo "2208"]
[BlackElo "2102"]
[Annotator "NA"]
[PlyCount "65"]
[EventDate "2019.04.16"]
[EventType "team-tourn"]
[EventCountry "GRE"]
[SourceTitle "playchess.com"]
[Source "ChessBase"]
[SourceQuality "1"]
[WhiteTeam "Russia"]
[BlackTeam "Sweden"]
[WhiteTeamCountry "RUS"]
[BlackTeamCountry "SWE"]
[TimeControl "40/5400+30:1800+30"]

1. d4 Nf6 2. c4 g6 3. Nc3 Bg7 4. e4 d6 5. Be3 O-O 6. h3 e5 7. d5 Ne8 8. Qd2 f5 9. exf5 gxf5 10. f4 a5 11. Nf3 Na6 12. Be2 b6 13. O-O-O Kh8 14. g4 Nc5 15. Qc2 ({Better is} 15. g5 $16) 15... Qe7 $16 ({Better is} 15... exf4 $14 16. Bxf4 Nf6) 16. Rh2 Bd7 17. g5 Ne4 18. h4 Nxc3 19. bxc3 Rb8 20. h5 exf4 21. Bxf4 Be5 22. Qd2 c6 23. Nxe5 dxe5 24. Qe3 Qa3+ 25. Kb1 exf4 26. Qe5+ Kg8 27. dxc6 Bxc6 28. Qe6+ Kh8 29. Qxc6 Qxc3 30. Rd7 Qe5 31. Bd3 f3 32. Rh1 Rg8 33. Rxh7+ 1-0

[Event "World Senior chT-50 2019"]
[Site "Rhodes"]
[Date "2019.04.22"]
[Round "7.30"]
[White "Gamback, Bjorn"]
[Black "Grabuzova, Tatiana"]
[Result "1/2-1/2"]
[ECO "A40"]
[WhiteElo "2101"]
[BlackElo "2323"]
[Annotator "NA"]
[PlyCount "46"]
[EventDate "2019.04.16"]
[EventType "team-tourn"]
[EventCountry "GRE"]
[SourceTitle "playchess.com"]
[Source "ChessBase"]
[SourceQuality "1"]
[WhiteTeam "Sweden"]
[BlackTeam "Russia"]
[WhiteTeamCountry "SWE"]
[BlackTeamCountry "RUS"]
[TimeControl "40/5400+30:1800+30"]

1. c4 b6 2. d4 e6 3. e4 Bb7 4. Bd3 Bb4+ 5. Kf1 Be7 6. Nc3 d6 7. Nf3 Nd7 8. h4 Ngf6 9. Rh3 c5 10. d5 e5 11. Nh2 $16 a6 12. Be2 Qc7 13. a4 a5 14. Nb5 Qd8 15. Qc2 Kf8 16. f4 Ne8 17. Nf3 Nc7 18. Nxc7 Qxc7 19. fxe5 dxe5 20. Nh2 Bc8 21. h5 h6 22. Bg4 Bg5 23. Nf3 Bxc1 1/2-1/2

[Event "World Senior chT-50 2019"]
[Site "Rhodes"]
[Date "2019.04.22"]
[Round "7.31"]
[White "Fatalibekova, Elena"]
[Black "Franzen, Thomas"]
[Result "1-0"]
[ECO "A26"]
[WhiteElo "2148"]
[BlackElo "2015"]
[Annotator "NA"]
[PlyCount "103"]
[EventDate "2019.04.16"]
[EventType "team-tourn"]
[EventCountry "GRE"]
[SourceTitle "playchess.com"]
[Source "ChessBase"]
[SourceQuality "1"]
[WhiteTeam "Russia"]
[BlackTeam "Sweden"]
[WhiteTeamCountry "RUS"]
[BlackTeamCountry "SWE"]
[TimeControl "40/5400+30:1800+30"]

1. Nf3 f5 2. c4 g6 3. Nc3 Nf6 4. g3 Bg7 5. Bg2 d6 6. d3 Nc6 7. O-O O-O 8. Rb1 e5 9. b4 h6 10. b5 Ne7 11. e4 Kh7 $11 12. exf5 Nxf5 13. Ne4 Bd7 14. a4 c5 15. Nfd2 Rb8 16. Nxf6+ Qxf6 17. Ne4 Qe7 18. Bb2 b6 19. Nc3 Be6 20. Nd5 Qd7 21. Re1 Rbe8 22. a5 Bxd5 23. Bf3 Be4 24. Bxe4 Ne7 25. Bg2 Rd8 26. Qc2 Rf7 27. axb6 axb6 28. Ra1 Rdf8 29. Re2 d5 30. Rf1 d4 31. Ra1 Nc8 32. Bd5 Re7 33. Ra6 Qc7 34. Bc1 g5 35. Qd1 Qd8 36. Rea2 Rc7 37. Qh5 Qf6 38. Be4+ Kh8 39. Ra8 Ra7 40. R8xa7 Nxa7 41. Bxg5 Qxg5 42. Qxg5 hxg5 43. Rxa7 Bf6 44. Rb7 Bd8 45. f3 Kg8 46. Kg2 Kh8 47. Kh3 Rf6 48. Kg4 Kg8 49. Rd7 Rf8 50. Kh5 Re8 51. Bd5+ Kh8 52. Kg6 1-0

[Event "World Senior chT-50 2019"]
[Site "Rhodes"]
[Date "2019.04.22"]
[Round "7.32"]
[White "Johansson, Bjorn"]
[Black "Titorenko, Natalia I"]
[Result "1-0"]
[ECO "A36"]
[WhiteElo "1888"]
[BlackElo "2153"]
[Annotator "NA"]
[PlyCount "97"]
[EventDate "2019.04.16"]
[EventType "team-tourn"]
[EventCountry "GRE"]
[SourceTitle "playchess.com"]
[Source "ChessBase"]
[SourceQuality "1"]
[WhiteTeam "Sweden"]
[BlackTeam "Russia"]
[WhiteTeamCountry "SWE"]
[BlackTeamCountry "RUS"]
[TimeControl "40/5400+30:1800+30"]

1. c4 Nf6 2. g3 g6 3. Bg2 Bg7 4. Nc3 O-O 5. e4 c5 6. Nge2 Nc6 7. O-O d6 8. d3 Rb8 9. h3 $11 a6 10. a4 Ne8 11. Be3 Nd4 12. Bxd4 cxd4 13. Nb1 b5 14. b3 Nc7 15. Nd2 e5 16. g4 Ne6 17. f4 Nc5 18. Qc2 f6 19. f5 Bh6 20. Rfb1 bxa4 21. b4 Bxd2 22. bxc5 Be3+ 23. Kh2 Rxb1 24. Rxb1 dxc5 25. Qxa4 Bd2 26. Qc6 Bb4 27. Nc1 Rf7 28. Na2 a5 29. Bf3 Qd7 30. Nxb4 cxb4 31. Qa8 Qc7 32. Bd1 gxf5 33. gxf5 Rg7 34. Bb3 h6 35. Ra1 Kh7 36. Qxa5 Qxa5 37. Rxa5 Rb7 38. c5 Bd7 39. Kg2 Bb5 40. Bd5 Rb8 41. c6 Bxc6 42. Bxc6 b3 43. Ra1 Rc8 44. Ra7+ Kh8 45. Bd5 b2 46. Rb7 Rc2+ 47. Kg3 h5 48. Kh4 Rh2 49. Bc4 1-0

[Event "World Senior chT-50 2019"]
[Site "Rhodes"]
[Date "2019.04.22"]
[Round "7.33"]
[White "Genta, Alejandro"]
[Black "Zimmermann, Rolf"]
[Result "1/2-1/2"]
[ECO "D35"]
[WhiteElo "2054"]
[BlackElo "2086"]
[Annotator "NA"]
[PlyCount "88"]
[EventDate "2019.04.16"]
[EventType "team-tourn"]
[EventCountry "GRE"]
[SourceTitle "playchess.com"]
[Source "ChessBase"]
[SourceQuality "1"]
[WhiteTeam "Uruguay"]
[BlackTeam "Germany"]
[WhiteTeamCountry "URU"]
[BlackTeamCountry "GER"]
[TimeControl "40/5400+30:1800+30"]

1. d4 d5 2. c4 e6 3. Nc3 Nf6 4. Bg5 Be7 5. cxd5 exd5 6. e3 c6 7. Qc2 Bg4 8. Bd3 Bh5 9. Nf3 Bg6 10. Bxf6 Bxf6 11. b4 a6 12. O-O O-O 13. a4 Nd7 14. Bxg6 hxg6 15. b5 a5 16. Rab1 Nb6 17. Rb3 Rc8 18. bxc6 bxc6 19. Rfb1 Nc4 20. Nd2 Nxd2 21. Qxd2 Qd6 22. Ne2 Ra8 23. g3 Rfc8 24. Nf4 Bd8 25. Nd3 Rab8 26. Qc3 Rxb3 27. Rxb3 Kh7 28. Kg2 Qc7 29. Rb1 Be7 30. Rc1 Bd6 31. Rb1 Qe7 32. Kg1 Qa7 33. Rb3 Rc7 34. Qc1 c5 35. dxc5 Bxc5 36. Rc3 Bd6 37. Rxc7 Bxc7 38. Qc6 Qb8 39. Qxd5 Bd6 40. Kg2 Qc7 41. Qd4 Qc6+ 42. e4 Bb4 43. Nxb4 Qxa4 44. Qd8 g5 1/2-1/2

[Event "World Senior chT-50 2019"]
[Site "Rhodes"]
[Date "2019.04.22"]
[Round "7.34"]
[White "Hoehn, Michael"]
[Black "Braso, Jorge"]
[Result "0-1"]
[ECO "A05"]
[WhiteElo "2040"]
[BlackElo "2098"]
[Annotator "NA"]
[PlyCount "65"]
[EventDate "2019.04.16"]
[EventType "team-tourn"]
[EventCountry "GRE"]
[SourceTitle "playchess.com"]
[Source "ChessBase"]
[SourceQuality "1"]
[WhiteTeam "Germany"]
[BlackTeam "Uruguay"]
[WhiteTeamCountry "GER"]
[BlackTeamCountry "URU"]
[TimeControl "40/5400+30:1800+30"]

1. Nf3 d5 2. b3 Nf6 3. Bb2 g6 4. g3 Bg7 5. Bg2 O-O 6. O-O Bf5 7. d3 c6 8. Nbd2 a5 9. Qe1 Bg4 10. h3 Bxf3 11. Nxf3 Nbd7 12. e4 dxe4 13. dxe4 Nc5 14. Rd1 Qc8 15. e5 Nd5 16. Ba3 b6 17. Nd4 e6 18. c4 Ne7 19. f4 Qc7 20. Bxc5 bxc5 21. Ne2 a4 22. Nc3 axb3 23. axb3 Ra3 24. g4 Rxb3 25. Ne4 Qb6 26. Qh4 Nc8 27. Nf6+ Bxf6 28. exf6 Rb2 29. Be4 Qb3 30. Bd3 Qc3 31. g5 Nd6 32. Qh6 Nf5 33. Ra1 0-1

[Event "World Senior chT-50 2019"]
[Site "Rhodes"]
[Date "2019.04.22"]
[Round "7.35"]
[White "Durante, Aurelio"]
[Black "Theuer, Carsten"]
[Result "1-0"]
[ECO "C00"]
[WhiteElo "1955"]
[BlackElo "1868"]
[Annotator "NA"]
[PlyCount "97"]
[EventDate "2019.04.16"]
[EventType "team-tourn"]
[EventCountry "GRE"]
[SourceTitle "playchess.com"]
[Source "ChessBase"]
[SourceQuality "1"]
[WhiteTeam "Uruguay"]
[BlackTeam "Germany"]
[WhiteTeamCountry "URU"]
[BlackTeamCountry "GER"]
[TimeControl "40/5400+30:1800+30"]

1. e4 e6 2. d3 d5 3. Nd2 Nf6 4. Ngf3 c5 5. g3 Nc6 6. Bg2 Be7 7. O-O O-O 8. e5 Nd7 9. Re1 Qc7 10. Qe2 b6 11. c3 Ba6 12. Nf1 Rac8 13. Bf4 Rfd8 14. h4 Nf8 15. h5 c4 16. d4 b5 17. Ne3 Rb8 18. a3 Bc8 19. Ng4 Re8 20. h6 g6 21. Nf6+ Bxf6 22. exf6 Qb6 23. Bxb8 Qxb8 24. Ng5 Bd7 25. Nf3 Qd6 26. Ne5 Bc8 27. g4 Nd7 28. Rad1 a5 29. Rd2 a4 30. Qe3 Rf8 31. Qg5 Ndb8 32. f4 Nxe5 33. Rxe5 Qd8 34. f5 Nd7 35. fxe6 fxe6 36. Rxe6 Nxf6 37. Rxf6 Qxf6 38. Bxd5+ Be6 39. Qxf6 Rxf6 40. g5 Bxd5 41. gxf6 Kf7 42. Rf2 Be4 43. Re2 Bf5 44. Re7+ Kxf6 45. Rxh7 Kg5 46. Kf2 Kh5 47. Kg3 Bd3 48. d5 g5 49. Rf7 1-0